 Dungeon Crawl Stone Soup version 0.31-a0-1626-g5cb510d (webtiles) character file.

Game seed: 9397368375337536650

133 msghost the Covered (level 4, -1/39 HPs)
             Began as a Minotaur Fighter on Jan 10, 2024.
             Was a Follower of Elyvilon.
             Slain by an orc wizard
             ... wielding a +0 dagger
              (3 damage)
             ... on level 3 of the Dungeon on Jan 12, 2024.
             The game lasted 00:07:48 (2020 turns).

msghost the Covered (Minotaur Fighter)              Turns: 2020, Time: 00:07:49

Health: -1/39      AC:  8    Str: 23    XL:     4   Next: 94%
Magic:  3/3        EV:  9    Int:  5    God:    Elyvilon [*.....]
Gold:   133        SH:  4    Dex:  9    Spells: 3/3 levels left

rFire   + . .        a - +0 long sword
rCold   . . .        c - +0 buckler
rNeg    . . .        b - +0 scale mail
rPois   .            (helmet restricted)
rElec   .            (no cloak)
rCorr   .            o - +0 pair of gloves
SInv    .            (no boots)
Will    .....        (no amulet) Stlth
                     t - ring of protection from fire
HPRegen 0.26/turn    (no ring)
MPRegen 0.08/turn

%: no passive effects
@: no status effects
A: horns 2, retaliatory headbutt
a: Renounce Religion, Purification


You were on level 3 of the Dungeon.
You worshipped Elyvilon.
Elyvilon was aware of your devotion.
You visited 1 branch of the dungeon, and saw 3 of its levels.

You collected 133 gold pieces.

Inventory:

Hand Weapons
 a - a +0 long sword (weapon)
 p - a +2 dagger of electrocution
 r - the +8 war axe of the Scavenger {speed, rC- Will+++ Int+3}
   (You found it on level 2 of the Dungeon)

   Int+3:     It affects your intelligence (+3).
   rC-:       It makes you vulnerable to cold.
   Will+++:   It greatly increases your willpower.
Armour
 b - a +0 scale mail (worn)
 c - a +0 buckler (worn)
 o - a +0 pair of gloves (worn)
Jewellery
 t - a ring of protection from fire (left hand)
Talismans
 s - a blade talisman
Scrolls
 e - a scroll of revelation
 g - 2 scrolls of poison {unknown}
 i - a scroll of fear {unknown}
 k - 2 scrolls of teleportation {unknown}
 m - 2 scrolls of identify {unknown}
 n - 2 scrolls of blinking {unknown}
 q - a scroll of vulnerability {unknown}
Potions
 d - a potion of might
 f - a potion of invisibility {unknown}
 h - a potion of heal wounds {unknown}
 j - a potion of mutation {unknown}
 l - a potion of ambrosia {unknown}


   Skills:
 - Level 3.6 Fighting
 * Level 4.7 Long Blades
 * Level 5.5 Armour
 - Level 3.6 Shields


You had 3 spell levels left.
You didn't know any spells.
Your spell library contained the following spells:

 Spells                   Type           Power      Damage    Failure   Level
 Tukima's Dance           Hex            0%         N/A       99%         3
 Dimensional Bullseye     Hex/Tloc       0%         N/A       100%        4
 Iskenderun's Mystic Bla  Conj/Tloc      0%         2d3       100%        4


Dungeon Overview and Level Annotations

Branches:
Dungeon (3/15)

Altars:
Elyvilon


Innate Abilities, Weirdness & Mutations

You have a pair of horns on your head.
You reflexively headbutt those who attack you in melee.


Message History

The orc hits you from afar with a +0 trident.
You hear some strange, mumbled words.
A puff of flame appears from out of thin air!
The puff of flame hits you. You resist.
You hit something. Your headbutt misses something. The orc barely misses you.
Something hits you but does no damage.
You closely miss something. Your headbutt misses something.
The orc hits you but does no damage.
You hear some strange, mumbled words.
A puff of flame appears from out of thin air!
The puff of flame hits you. You resist.
You closely miss something. Your headbutt misses something.
The orc closely misses you.
You hear some strange, mumbled words.
A magic dart appears from out of thin air!
The magic dart hits you but does no damage.
Unknown command.
You closely miss something.
The orc hits you from afar with a +0 trident.
Something hits you but does no damage. You block the orc's attack.
Something hits you but does no damage.
You hit something. You block the orc's attack.
Something hits you but does no damage.
You miss something. You block the orc's attack.
Something hits you but does no damage.
You miss something. Your headbutt misses something.
The orc hits you from afar with a +0 trident.
* * * LOW HITPOINT WARNING * * *
You block something's attack.
You hit something. Your headbutt misses something. You block the orc's attack.
Something hits you but does no damage.
The orc hits you from afar with a +0 trident.
* * * LOW HITPOINT WARNING * * *
You miss something.
You hear some strange, mumbled words.
A magic dart appears from out of thin air!
The magic dart hits you.
* * * LOW HITPOINT WARNING * * *
You block the orc's attack. Something hits you.
You die...

~~~~~~~~~~~~~~~#.####........####
~~~~~~~~~~~~~~##..>...##.....####
~~~~~~~~~~~~~###.#######.....####
~~~~~~~~~~~~## #.# ##############
#~~~~~~~~~~## #.# ############..
##~~~~~~~~## #.# ############..
,********** #.# ############.. **
*,*,* #)################ ,***,*,*
*** #@##.........>####
,,,,,,,***,****#{##.###..........
,,**,,***,,,,,,#oo...oo...#*,****
,,,,,,****,***,####.##o...#*,*
,,,,,,,,,,,* *,* #[###..##*,*
,,,,,,****** *,* #..,.....,,*
,,****** *,* ##########**
*,,,,,,* *,* ******,**** *,*


You could see 2 orcs.

Vanquished Creatures
  An orc wizard (D:3)
  5 adders
  A ribbon worm (D:2)
  An orc (D:3)
  5 ball pythons
  11 endoplasms
  4 giant cockroaches
  A goblin (D:2)
  7 hobgoblins
  5 quokkas
  6 bats
  A frilled lizard (D:1)
  4 kobolds
  5 rats
57 creatures vanquished.

Notes
Turn   | Place    | Note
-------+----------+-------------------------------------------
     0 | D:1      | msghost the Minotaur Fighter began the quest for the Orb.
     0 | D:1      | Reached XP level 1. HP: 19/19 MP: 0/0
   129 | D:1      | Reached skill level 4 in Armour
   129 | D:1      | Reached XP level 2. HP: 23/26 MP: 1/1
   704 | D:2      | Reached XP level 3. HP: 29/31 MP: 2/2
   720 | D:2      | Upgraded the game from 0.31-a0-1616-gbeaec30 to
                  | 0.31-a0-1626-g5cb510d
   966 | D:2      | Reached XP level 4. HP: 33/39 MP: 3/3
  1086 | D:2      | Found a faded altar of an unknown god.
  1250 | D:2      | Prayed at the altar of an unknown god.
  1250 | D:2      | Became a worshipper of Elyvilon the Healer
  1250 | D:2      | Reached * piety under Elyvilon
  1368 | D:2      | Reached skill level 5 in Armour
  1622 | D:2      | Identified the +8 war axe of the Scavenger {speed, rC-
                  | Will+++ Int+3}
  2020 | D:3      | Slain by an orc wizard

Illustrated notes

Levels and vault maps discovered:
D:1:      co_arrival_two_rings, layout_basic
D:2:      minmay_chambers_of_twos, layout_loops_ring,
          dreamdust_ecumenical_altar_statues, minmay_heptomino_o4
D:3:      kennysheep_big_flooded_room, layout_loops_cross, chequers_jeans

Skill      XL: |  1  2  3  4 |
---------------+-------------+-----
Armour         | 4 5 |  5.5
Long Blades    | 3 4 |  4.7
Fighting       | |  3.6
Shields        | |  3.6

Action                     |  1- 3 |  4- 6 || total
---------------------------+-------+-------++-------
  Melee: Long sword        |    87 |    57 ||   144
         Headbutt          |    13 |     3 ||    16
    Use: Scroll            |       |     1 ||     1
 Armour: Scale mail        |    58 |    51 ||   109
  Dodge: Dodged            |    47 |    20 ||    67
  Block: Buckler           |    15 |    20 ||    35
         Form:             |       |     1 ||     1
         Blade             |       |     1 ||     1

Table legend: (Time is in decaauts)
 A = Elapsed time spent in this place.
 B = Non-inter-level travel time spent in this place.
 C = Inter-level travel time spent in this place.
 D = Time resting spent in this place.
 E = Time spent auto-exploring this place.
 F = Levels seen in this place.
 G = Mean time per level.
                   A        B        C        D        E       F      G
               +--------+--------+--------+--------+--------+-----+--------+
         Total |   2055 |   1941 |    114 |    336 |    996 |   3 |  685.0 |
       Dungeon |   2055 |   1941 |    114 |    336 |    996 |   3 |  685.0 |
               +--------+--------+--------+--------+--------+-----+--------+

Top non-repeatable levels by time:
     D:2: 1015 daAuts
     D:1: 704 daAuts
     D:3: 335 daAuts
